 Dungeon Crawl Stone Soup version 0.21-a0-584-g185da8e (console) character file.

2839 Mandevil the Changer (level 9, 0/72 HPs)
             Began as a Purple Draconian Transmuter on Dec 20, 2017.
             Was a Priest of Okawaru.
             Slain by Dowan
             ... wielding a +2 dagger of venom
              (4 damage)
             ... on level 7 of the Dungeon.
             The game lasted 00:30:43 (8414 turns).

Mandevil the Changer (Purple Draconian Transmuter)  Turns: 8414, Time: 00:30:44

Health: 0/72       AC:  7    Str: 16    XL:     9   Next: 46%
Magic:  14/16      EV: 17    Int: 14    God:    Okawaru [***...]
Gold:   245        SH:  0    Dex: 11    Spells: 2/17 levels left

rFire    + + .     SeeInvis .     - Unarmed
rCold    + + .     Gourm    .   (no shield)
rNeg     + . .     Faith    .   (armour unavailable)
rPois    +         Spirit   .   (helmet restricted)
rElec    +         Reflect  .   k - scarf {rC+ rF+}
rCorr    +         Harm     .   (no gloves)
MR       +....                  (no boots)
Stlth    +++.......             (no amulet)
HPRegen  0.22/turn              B - ring of positive energy
MPRegen  0.15/turn              (no ring)

@: about to teleport, resistant, heroism
A: breathe power, unfitting armour, cold-blooded, AC +7
a: Breathe Dispelling Energy, Heroism, Renounce Religion


You were on level 7 of the Dungeon.
You worshipped Okawaru.
Okawaru was most pleased with you.
You were not hungry.

You visited 1 branch of the dungeon, and saw 7 of its levels.

You collected 245 gold pieces.

Inventory:

Missiles
 a - 77 arrows
 d - 3 needles of confusion
 f - 17 bolts
 h - 7 needles of sleeping
 n - 34 sling bullets
 q - 8 curare-tipped needles
 s - 237 stones
 t - 6 tomahawks (quivered)
 y - 18 poisoned needles
 z - 4 tomahawks of returning
Armour
 k - a scarf of resistance (worn)
Jewellery
 B - a ring of positive energy (left hand)
Wands
 A - a wand of digging (10)
Scrolls
 e - 3 scrolls of blinking
 g - a scroll of enchant armour
 m - 2 scrolls of remove curse
 x - a scroll of fear
 C - a scroll of amnesia
Potions
 i - 2 potions of haste
 j - 4 potions of flight
 l - a potion of agility
 p - a potion of might
 r - a potion of mutation
Books
 b - a book of Changes

   Spells                             Type                      Level
   a - Beastly Appendage              Transmutation                1
   b - Sticks to Snakes               Transmutation                2
   c - Spider Form                    Transmutation/Poison         3
   d - Ice Form                       Ice/Transmutation            4
   e - Blade Hands                    Transmutation                5
Comestibles
 c - 14 rations
 D - 3 chunks of flesh


   Skills:
 + Level 4.3(9.3) Fighting
 + Level 4.8(9.8) Dodging
 * Level 6.9(11.9) Unarmed Combat
 - Level 4.8 Spellcasting
 * Level 7.2 Transmutations
 + Level 2.8 Ice Magic
 + Level 4.4 Invocations


You had 2 spell levels left.
You knew the following spells:

 Your Spells              Type           Power        Failure   Level  Hunger
a - Beastly Appendage     Tmut           ###...       1%          1    None
b - Sticks to Snakes      Tmut           ###.....     1%          2    ##.....
c - Spider Form           Tmut/Pois      ##........   12%         3    ###....
d - Blade Hands           Tmut           ###.......   24%         5    ######.
e - Ice Form              Ice/Tmut       ###.....     22%         4    ####...


Dungeon Overview and Level Annotations

Branches:
Dungeon (7/15)             Temple (0/1) D:5

Altars:
Cheibriados
Elyvilon
Kikubaaqudgha
Makhleb
Okawaru
Ru
Sif Muna
Trog
Wu Jian

Annotations:
D:7 Dowan


Innate Abilities, Weirdness & Mutations

You can breathe bolts of dispelling energy.
Your rich purple scales are hard. (AC +7)
You cannot fit into any form of body armour.
You are cold-blooded and may be slowed by cold attacks.


Message History

You pummel the leopard gecko!!
You kill the leopard gecko!
Okawaru accepts your kill.
Okay, then.
Unknown command.
It was a potion of cancellation.
Your magical effects are unravelling.
You feel magically purged.
You feel less wooden.
Your scarf of resistance unmelds from your body.
You feel resistant to extremes of temperature.
You are no longer glowing.
It was a potion of resistance.
You feel protected.
Dowan casts a spell.
Dowan blinks!
As you read the scroll of teleportation, it crumbles to dust.
You feel strangely unstable.
You closely miss Dowan. Dowan hits you with a dagger of venom.
You die...

#########....<.......
.... ..##.##########.
...###.##.#
.....#.##.###
..[.........#
...%.#.>....#
......>..#..#
...###......######
#.## #......)..ed#
#.## #.####.######
...# #.# #.....# #..#
#.# #####.# #..# #.#
.e. .......# ##e..
#..###.# .8... #....
.... #.#.# #.#


You could see Dowan.

Vanquished Creatures
  Pikel (D:7)
  Sigmund (D:6)
  Menkaure (D:7)
  Duvessa (D:7)
  2 orc warriors
  A phantom (D:6)
  A sky beast (D:5)
  The ghost of Mandevil the Ruffian, an amateur DrTm of Cheibriados (D:3)
  2 centaurs
  Blork the orc (D:5)
  2 bullfrogs (D:6)
  4 killer bees (D:7)
  3 crimson imps
  A hound (D:4)
  4 orc priests
  A jelly (D:6)
  4 orc wizards
  Jessica (D:2)
  4 iguanas
  Natasha (thrice) (D:2)
  6 worker ants
  A hound zombie (D:5)
  A worker ant zombie (D:6)
  7 gnolls
  8 adders
  2 worms
  A dart slug (D:1)
  6 leopard geckos
  19 orcs
  A ball python (D:4)
  4 bats
  3 giant cockroaches
  7 goblins
  16 hobgoblins
  3 jackals (D:3)
  7 quokkas
  5 frilled lizards
  A jackal zombie (D:4)
  12 kobolds
  A quokka skeleton (D:5)
  6 rats
156 creatures vanquished.

Vanquished Creatures (collateral kills)
  An ogre (D:4)
  An adder (D:2)
2 creatures vanquished.

Vanquished Creatures (others)
  A slave (D:7)
  An orc wizard (D:7)
2 creatures vanquished.

Grand Total: 160 creatures vanquished

Notes
Turn   | Place    | Note
-------+----------+-------------------------------------------
     0 | D:1      | Mandevil the Draconian Transmuter began the quest for the Orb.
     0 | D:1      | Reached XP level 1. HP: 16/16 MP: 3/3
   151 | D:1      | Reached XP level 2. HP: 22/23 MP: 5/5
   605 | D:1      | Reached XP level 3. HP: 28/29 MP: 6/6
   612 | D:1      | Learned a level 2 spell: Sticks to Snakes
   616 | D:1      | Learned a level 3 spell: Spider Form
  1254 | D:2      | Noticed Natasha
  1273 | D:2      | Killed Natasha
  1273 | D:2      | Reached XP level 4. HP: 12/36 MP: 7/7
  1538 | D:2      | Noticed Natasha
  1547 | D:2      | Killed Natasha
  1547 | D:2      | Reached skill level 3 in Transmutations
  1772 | D:2      | Noticed Jessica
  1776 | D:2      | Killed Jessica
  1776 | D:2      | Reached XP level 5. HP: 21/41 MP: 5/9
  2043 | D:2      | Noticed Natasha
  2054 | D:2      | Killed Natasha
  2551 | D:3      | Found a bloodstained altar of Trog.
  2551 | D:3      | Found a snail-covered altar of Cheibriados.
  2552 | D:3      | Found a burning altar of Makhleb.
  2738 | D:3      | Found an iron altar of Okawaru.
  2755 | D:3      | Became a worshipper of Warmaster Okawaru
  2824 | D:3      | Noticed Mandevil's ghost (amateur DrTm)
  3103 | D:3      | Killed Mandevil's ghost
  3103 | D:3      | Reached skill level 4 in Transmutations
  3103 | D:3      | Reached skill level 1 in Invocations
  3103 | D:3      | Reached XP level 6. HP: 48/48 MP: 10/10
  3263 | D:3      | Found a sacrificial altar of Ru.
  4094 | D:5      | Entered Level 5 of the Dungeon
  4136 | D:5      | Found an ornate altar of the Wu Jian Council.
  4282 | D:5      | Reached * piety under Okawaru
  4282 | D:5      | Your scales start taking on a rich purple colour.
  4282 | D:5      | Reached XP level 7. HP: 53/53 MP: 9/13
  4327 | D:5      | Found a staircase to the Ecumenical Temple.
  4328 | D:5      | Noticed Blork the orc
  4383 | D:5      | Killed Blork the orc
  4521 | D:5      | Found an ancient bone altar of Kikubaaqudgha.
  4727 | D:5      | Reached skill level 5 in Transmutations
  5324 | D:5      | HP: 2/55 [centaur/arrow (7)]
  5669 | D:5      | Reached skill level 5 in Unarmed Combat
  6019 | D:5      | Reached ** piety under Okawaru
  6365 | D:6      | Found a white marble altar of Elyvilon.
  6365 | D:6      | Found a deep blue altar of Sif Muna.
  6392 | D:6      | Reached XP level 8. HP: 59/62 MP: 8/15
  6533 | D:6      | Learned a level 5 spell: Blade Hands
  6538 | D:6      | Learned a level 4 spell: Ice Form
  6973 | D:6      | Reached skill level 1 in Ice Magic
  7183 | D:6      | Reached skill level 6 in Transmutations
  7960 | D:6      | Noticed Sigmund
  7978 | D:6      | Killed Sigmund
  8239 | D:7      | Noticed Menkaure
  8243 | D:7      | Killed Menkaure
  8246 | D:7      | Noticed Pikel
  8249 | D:7      | Reached XP level 9. HP: 71/71 MP: 14/16
  8283 | D:7      | Killed Pikel
  8283 | D:7      | Reached *** piety under Okawaru
  8283 | D:7      | Reached skill level 7 in Transmutations
  8382 | D:7      | Noticed Dowan
  8383 | D:7      | Noticed Duvessa
  8404 | D:7      | HP: 2/71 [Duvessa/vampiric short sword (12)]
  8406 | D:7      | Killed Duvessa
  8414 | D:7      | Slain by Dowan

Vault maps used:
D:1:      dpeg_arrival_water_temple_mockup
D:2:      lemuel_upstairs_altar, uniq_jessica, uniq_natasha
D:3:      nicolae_overflow_quartered_altars, first_ration, hex_large,
          okawaru_metal_pillars_1_2
D:5:      corexii_shack_village, kennysheep_little_box,
          overflow_temple_1_default, minmay_temple_entry_large_hall,
          uniq_blork_the_orc
D:6:      gammafunk_temple_overflow_statue, uniq_sigmund
D:7:      grunt_gozag_statues, uniq_pikel, uniq_menkaure, uniq_duvessa

Skill      XL: |  1  2  3  4  5  6  7  8  9 |
---------------+----------------------------+-----
Dodging        | 2 3 4 |  4.8
Transmutations | 3 4 5 6 7 |  7.2
Spellcasting   | 3 4 |  4.8
Unarmed Combat | 4 5 6 |  6.9
Invocations    | 1 2 3 4 |  4.4
Fighting       | 2 3 4 |  4.3
Ice Magic      | 2 |  2.8

Action                   |  1- 3 |  4- 6 |  7- 9 || total
-------------------------+-------+-------+-------++-------
Melee: Unarmed           |   108 |   196 |   376 ||   680
       Headbutt          |     2 |     3 |    23 ||    28
       Tailslap          |    14 |    23 |    23 ||    60
       Kick              |     1 |    12 |    17 ||    30
       Punch             |       |     4 |     8 ||    12
Throw: Stone             |       |    29 |    56 ||    85
       Tomahawk          |       |       |     3 ||     3
 Cast: Beastly Appendage |     6 |    19 |    26 ||    51
       Sticks to Snakes  |     2 |     9 |     4 ||    15
       Spider Form       |       |     3 |    13 ||    16
Invok: Heroism           |       |       |     4 ||     4
 Abil: Breathe Dispellin |       |       |     5 ||     5
Evoke: Wand              |       |       |     2 ||     2
  Use: Scroll            |       |    14 |     6 ||    20
       Potion            |       |     1 |     6 ||     7
 Stab: Sleeping          |       |     1 |       ||     1
       Distracted        |       |       |     1 ||     1
  Eat: Chunk             |     1 |    10 |    14 ||    25
       Ration            |       |       |     1 ||     1
Armor: Skin              |    25 |    58 |    90 ||   173
Dodge: Dodged            |    68 |   113 |   207 ||   388

Table legend:
 A = Spawn XP
 B = Non-spawn XP
 C = Spawn XP percentage of total XP
 D = Spawn monster count
 E = Non-spawn monster count
 F = Spawn count percentage of total count
 G = Total turns spent on level
                    A         B        C        D         E        F      G
               +---------+---------+-------+---------+---------+-------+---------
         Total |       0 |    4057 |   0.0 |       0 |     158 |   0.0 |  8414
               +---------+---------+-------+---------+---------+-------+---------
           D:1 |       0 |      48 |   0.0 |       0 |      28 |   0.0 |   952
           D:2 |       0 |     190 |   0.0 |       0 |      15 |   0.0 |  1405
           D:3 |       0 |     240 |   0.0 |       0 |      25 |   0.0 |  1070
           D:4 |       0 |     181 |   0.0 |       0 |      10 |   0.0 |   690
           D:5 |       0 |     766 |   0.0 |       0 |      33 |   0.0 |  2342
           D:6 |       0 |    1072 |   0.0 |       0 |      28 |   0.0 |  1610
           D:7 |       0 |    1560 |   0.0 |       0 |      19 |   0.0 |   345
               +---------+---------+-------+---------+---------+-------+---------
